AoeStats
← wangshuyang

Arena

511007373Analyzed
4v4 RM · 7h ago on Oct 3, 2026· 41m 20s· 8 players
Game mode
Random Map
Map size
Large (8 player)
Population
200
Speed
Normal
Resources
Standard
Victory
Conquest
Starting age
Dark Age
Ending age
Imperial Age
RankedLock teamsTeams togetherTeam positionsShared explorationLock speedFull tech treeHidden civsTurbo modeCheats
Victory
Defeat
🇨🇳 Mongols · China
902
+39
🇭🇰 Celts · Hong Kong SAR China
879
+16
🇨🇳 Ethiopians · China
873
+16
🇦🇷 Persians · Argentina
678
+24
🇹🇷 Goths · Türkiye
909
-19
🇵🇱 Byzantines · Poland
875
-18
🇵🇪 Khmer · Peru
863
-17
🇫🇷 Portuguese · France
854
-17
arga58
11:07 Feudal Age
17:35 Castle Age
18:58 Double-Bit Axe
28:23 Imperial Age
CyberNinjaX
10:50 Feudal Age
16:30 Castle Age
15:01 Double-Bit Axe
17:22 Wheelbarrow
19:02 Bow Saw
18:35 Horse Collar
19:39 Heavy Plow
22:18 Hand Cart
25:51 Stone Mining
25:53 Gold Mining
32:11 Imperial Age
31:11 Ballistics
30:58 Husbandry
31:12 Bloodlines
30:55 Loom
32:11 Gold Shaft Mining
32:32 Town Watch
34:06 Fletching
34:17 Padded Archer Armor
34:22 Scale Barding Armor
34:29 Forging
35:54 Chemistry
35:39 Crop Rotation
35:53 Parthian Tactics
Paribust
11:54 Feudal Age
12:42 Double-Bit Axe
17:52 Castle Age
20:23 Horse Collar
21:44 Bow Saw
23:14 Loom
24:04 Wheelbarrow
23:15 Town Watch
24:08 Stone Mining
26:07 Stone Shaft Mining
26:33 Gold Mining
28:05 Fortified Wall
27:52 Murder Holes
28:43 Heavy Plow
33:11 Imperial Age
30:27 Treadmill Crane
30:58 Masonry
31:50 Fletching
32:10 Forging
35:25 Chemistry
34:57 Architecture
36:02 Two-Man Saw
35:20 Scale Barding Armor
35:50 Iron Casting
35:11 Bodkin Arrow
36:08 Bombard Tower
37:35 Hand Cart
37:20 Town Patrol
ılıJoKeRılı
10:16 Feudal Age
8:46 Loom
10:55 Double-Bit Axe
16:07 Castle Age
15:20 Gold Mining
15:18 Horse Collar
17:08 Bow Saw
17:01 Heavy Plow
18:40 Stone Mining
22:29 Wheelbarrow
22:39 Stone Shaft Mining
22:20 Loom
25:24 Caravan
30:16 Imperial Age
28:03 Hand Cart
27:35 Town Watch
28:20 Fletching
28:32 Scale Mail Armor
28:43 Forging
28:19 Treadmill Crane
28:36 Murder Holes
30:32 Anarchy
30:35 Squires
29:57 Man-at-Arms
30:56 Chain Mail Armor
31:18 Iron Casting
30:16 Pikeman
31:10 Masonry
30:48 Long Swordsman
31:53 Conscription
32:05 Two-Handed Swordsman
32:45 Elite Huskarl
33:24 Champion
34:38 Halberdier
wangshuyang
15:55 Feudal Age
18:54 Double-Bit Axe
22:54 Castle Age
23:02 Wheelbarrow
22:43 Horse Collar
26:01 Caravan
26:15 Scale Barding Armor
31:02 Chain Barding Armor
33:27 Imperial Age
31:59 Fletching
34:31 Elite Mangudai
37:56 Bodkin Arrow
41:53 Bracer
42:04 Forging
One Shoulder 100KG
11:12 Feudal Age
12:25 Double-Bit Axe
14:58 Castle Age
14:01 Horse Collar
16:47 Bow Saw
17:22 Heavy Plow
20:54 Wheelbarrow
23:41 Gold Mining
29:10 Imperial Age
26:45 Loom
27:18 Hand Cart
26:51 Town Watch
27:49 Gold Shaft Mining
27:10 Stone Mining
27:47 Ballistics
28:48 Fletching
28:58 Murder Holes
29:49 Town Patrol
30:04 Guilds
29:18 Heavy Scorpion
31:09 Chemistry
31:06 Siege Engineers
30:59 Bodkin Arrow
32:08 Two-Man Saw
31:43 Coinage
33:05 Banking
33:07 Masonry
33:06 Torsion Engines
33:27 Conscription
33:48 Bracer
35:55 Architecture
37:08 Fervor
TornToast5128
11:27 Feudal Age
15:17 Castle Age
13:36 Horse Collar
13:50 Double-Bit Axe
20:18 Forging
20:10 Scale Mail Armor
24:32 Chain Mail Armor
26:44 Arson
27:55 Iron Casting
33:27 Imperial Age
35:10 Heavy Plow
35:22 Bow Saw
36:31 Plate Mail Armor
37:01 Blast Furnace
36:03 Capped Ram
38:47 Furor Celtica
39:52 Siege Ram
39:56 Pikeman
41:27 Wheelbarrow
41:11 Halberdier
慢即是快.
9:32 Loom
11:35 Feudal Age
16:00 Castle Age
30:47 Imperial Age
28:31 Forging
28:27 Scale Barding Armor
29:38 Wheelbarrow
28:46 Horse Collar
28:53 Double-Bit Axe
29:22 Bloodlines
29:13 Husbandry
30:37 Cavalier
31:43 Conscription
31:43 Caravan
32:28 Savar
35:33 Iron Casting
35:18 Chain Barding Armor
42:41 Blast Furnace
42:16 Plate Barding Armor
Connection lost

Rejoining the realm…

Still unreachable

The connection could not be restored.

Session expired

The server has moved on; the page needs a fresh start.